 Dungeon Crawl Stone Soup version 0.25.0-1-g7eea58d2a3 (webtiles) character file.

Game seed: 16507640879475012157

258 Peloso the Skirmisher (level 5, -14/42 HPs)
             Began as a Demonspawn Fighter on June 13, 2020.
             Demolished by Crazy Yiuf
             ... wielding a +4 quarterstaff of chaos
              (18 damage)
             ... on level 3 of the Dungeon.
             The game lasted 00:05:29 (3834 turns).

Peloso the Skirmisher (Demonspawn Fighter)          Turns: 3834, Time: 00:05:31

Health: -14/42     AC:  8    Str: 17    XL:     5   Next: 94%
Magic:  3/5        EV:  7    Int: 10    God:
Gold:   136        SH:  9    Dex: 12    Spells: 4/4 levels left

rFire    . . .     SeeInvis .   a - +0 long sword
rCold    . . .     Gourm    .   c - +0 kite shield
rNeg     . . .     Faith    .   b - +0 scale mail
rPois    .         Spirit   .   o - +1 hat
rElec    .         Reflect  .   (no cloak)
rCorr    .         Harm     .   (no gloves)
MR       .....                  (no boots)
Stlth    ..........             (no amulet)
HPRegen  0.14/turn              h - ring of flight
MPRegen  0.09/turn              (no ring)

@: no status effects
A: demonic guardian 1, rot immunity
a: Evoke Flight


You were on level 3 of the Dungeon.
You were not hungry.

You visited 1 branch of the dungeon, and saw 3 of its levels.

You collected 136 gold pieces.

Inventory:

Hand Weapons
 a - a +0 long sword (weapon)
Armour
 b - a +0 scale mail (worn)
 c - a +0 kite shield (worn)
 m - a +0 plate armour
 o - a +1 hat (worn)
Jewellery
 h - a ring of flight (left hand)
 q - an uncursed amulet of guardian spirit {unknown}
Scrolls
 e - a scroll of immolation {unknown}
 i - a scroll of teleportation {unknown}
 j - a scroll of remove curse {unknown}
 l - a scroll of identify {unknown}
 p - a scroll of magic mapping {unknown}
 s - a scroll of fog {unknown}
 t - a scroll of blinking {unknown}
Potions
 d - a potion of might
 g - a potion of heal wounds
 k - a potion of cancellation {unknown}
 n - a potion of magic {unknown}
 u - a potion of lignification {unknown}
 v - 3 potions of degeneration {unknown}
Comestibles
 f - 8 rations
 r - 4 chunks of flesh


   Skills:
 + Level 3.8 Fighting
 + Level 3.6 Long Blades
 + Level 3.7 Armour
 + Level 1.0 Dodging
 + Level 0.3 Stealth
 + Level 3.4 Shields


You had 4 spell levels left.
You didn't know any spells.
Your spell library was empty.

Dungeon Overview and Level Annotations

Branches:
Dungeon (3/15)

Altars:
Wu Jian
The Shining One

Annotations:
D:3 Crazy Yiuf


Innate Abilities, Weirdness & Mutations

A weak demonic guardian rushes to your aid.
You are immune to rotting.


Message History

Crazy Yiuf is heavily wounded.
Crazy Yiuf hits you with a +4 quarterstaff of chaos!
Crazy Yiuf freezes you.
Your shield prevents you from hitting Crazy Yiuf.
Crazy Yiuf is heavily wounded.
Crazy Yiuf barely misses you.
You slash Crazy Yiuf!
Crazy Yiuf is almost dead.
Crazy Yiuf drinks a potion.
Crazy Yiuf is healed!
You hit Crazy Yiuf but do no damage.
Crazy Yiuf is moderately wounded.
You block Crazy Yiuf's attack.
You barely miss Crazy Yiuf.
Crazy Yiuf is moderately wounded.
Crazy Yiuf says, "Defame!"
You block Crazy Yiuf's attack.
Crazy Yiuf hits you with a +4 quarterstaff of chaos!
* * * LOW HITPOINT WARNING * * *
You convulse!!
You die...

#.................
#######....#######
#....####### #####
#.........## #..)#
#........... #...#
#........... ...
###......... #g#
#......... ♣♣@♣
###......... ♣.♣♣
#.#........( ♣♣.♣
#........... ♣.♣♣
##.......... ♣♣.♣♣
#[.......... ♣...♣
#..##......(
♣...♣♣
##....##.###
#....# ####.##.# #
#....## #.#..###


You could see Crazy Yiuf.

Vanquished Creatures
  An orc priest (D:3)
  Robin (D:3)
  3 gnolls (D:3)
  6 adders
  2 oozes
  A worm (D:3)
  2 dart slugs
  3 leopard geckos
  6 orcs
  21 goblins
  10 hobgoblins
  4 jackals (D:2)
  A quokka (D:3)
  2 ball pythons (D:2)
  6 bats
  3 frilled lizards
  5 kobolds
  5 rats
82 creatures vanquished.

Vanquished Creatures (collateral kills)
  Terence (D:2)
  A gnoll (D:3)
  2 worms
  A leopard gecko (D:2)
  A goblin (D:3)
  A bat (D:3)
7 creatures vanquished.

Grand Total: 89 creatures vanquished

Notes
Turn   | Place    | Note
-------+----------+-------------------------------------------
     0 | D:1      | Peloso the Demonspawn Fighter began the quest for the Orb.
     0 | D:1      | Reached XP level 1. HP: 18/18 MP: 1/1
   371 | D:1      | Gained mutation: A weak demonic guardian rushes to your
                  | aid. [demonic ancestry]
   371 | D:1      | Reached XP level 2. HP: 19/24 MP: 2/2
  1120 | D:2      | Reached XP level 3. HP: 20/29 MP: 3/3
  1596 | D:2      | Gained mutation: You are immune to rotting. [demonic
                  | ancestry]
  1596 | D:2      | Reached XP level 4. HP: 17/35 MP: 4/4
  2165 | D:2      | Found a glowing golden altar of the Shining One.
  2231 | D:3      | Noticed Terence
  2467 | D:2      | Killed Terence
  2892 | D:3      | Reached XP level 5. HP: 29/41 MP: 5/5
  3241 | D:3      | Noticed Robin
  3271 | D:3      | Reached skill level 1 in Dodging
  3280 | D:3      | Killed Robin
  3598 | D:3      | Found an ornate altar of the Wu Jian Council.
  3764 | D:3      | Found a runed translucent door.
  3765 | D:3      | Noticed Crazy Yiuf
  3834 | D:3      | Demolished by Crazy Yiuf

Illustrated notes

Levels and vault maps discovered:
D:1:      mushboom_english_gardens, layout_loops_corners
D:2:      layout_basic, lemuel_coloured_pillars_altar, first_ration
D:3:      layout_rooms, lemuel_round_altar, uniq_robin, uniq_terence,
          uniq_crazy_yiuf_cottage

Skill      XL: |  1  2  3  4  5 |
---------------+----------------+-----
Long Blades    | 2 3 |  3.6
Armour         | 3 |  3.7
Shields        | 3 |  3.4
Dodging        | 1 |  1.0
Fighting       | |  3.8
Stealth        | |  0.3

Action                   |  1- 3 |  4- 6 || total
-------------------------+-------+-------++-------
Melee: Long sword        |   131 |   185 ||   316
  Use: Potion            |     1 |     1 ||     2
  Eat: Chunk             |     2 |     8 ||    10
Armor: Scale mail        |    78 |   109 ||   187
Dodge: Dodged            |    41 |    68 ||   109
Block: Kite shield       |    69 |   105 ||   174
       Rpst.: Long sword |    14 |    23 ||    37
